 Dungeon Crawl Stone Soup version 0.29.0-4-gdea44cf6ec (webtiles) character file.

Game seed: 5327218118362954718

6097 qw the Brawler (level 10, 0/98 HPs)
             Began as a Troll Cinder Acolyte on Sept 2, 2022.
             Was a Follower of Ignis.
             Slain by Harold
             ... wielding a +0 glaive
              (4 damage)
             ... on level 9 of the Dungeon.
             The game lasted 00:03:38 (6894 turns).

qw the Brawler (Troll Cinder Acolyte)               Turns: 6894, Time: 00:03:38

Health: 0/98       AC: 14    Str: 38    XL:     10   Next: 58%
Magic:  10/10      EV:  9    Int:  9    God:    Ignis [*.....]
Gold:   352        SH:  0    Dex:  4    Spells: 11/11 levels left

rFire   + + .      SeeInvis .     - Unarmed
rCold   . . .      Faith    .   (no shield)
rNeg    . . .      Spirit   .   c - +1 robe {rF+}
rPois   .          Reflect  .   (helmet restricted)
rElec   .          Harm     .   (no cloak)
rCorr   .          Rampage  .   (gloves unavailable)
Will    .....                   (boots unavailable)
Stlth   +.........              (no amulet)
HPRegen 1.06/turn               i - +6 ring of strength
MPRegen 0.12/turn               (no ring)

@: lethally poisoned (0 -> 0), about to teleport, fiery-armoured
A: large, unfitting armour, claws 3, regeneration 1, shaggy fur 1, tough skin 1,
horns 1, iridescent scales 1, strong 1
a: Renounce Religion, Fiery Armour, Foxfire Swarm, Rising Flame


You were on level 9 of the Dungeon.
You worshipped Ignis.
Ignis was aware of your devotion.
You visited 1 branch of the dungeon, and saw 9 of its levels.

You collected 408 gold pieces.
You spent 56 gold pieces at shops.


Innate Abilities, Weirdness & Mutations

You are too large for most types of armour.
You have claws for hands.
Your natural rate of healing is unusually fast.
You are covered in fur. (AC +1)
You have tough skin. (AC +1)
You have a pair of small horns on your head.
You are partially covered in iridescent scales. (AC +2)
Your muscles are strong. (Str +4, Int/Dex -1)


   Skills:
 + Level 6.0 Fighting
 - Level 1.1 Dodging
 - Level 16.0 Unarmed Combat
 - Level 1.0 Spellcasting
 - Level 2.1 Fire Magic


You had 11 spell levels left.
You didn't know any spells.
Your spell library contained the following spells:

 Spells                   Type           Power      Damage    Failure   Level
 Scorch                   Fire           8%         2d5       22%         2

Inventory:

Armour
 c - a +1 robe of fire resistance (worn)
Jewellery
 i - a +6 ring of strength (left claw)
Scrolls
 g - 2 scrolls of teleportation
 h - a scroll of identify
Potions
 d - a potion of resistance
 e - a potion of haste
 f - 3 potions of curing
 j - 2 potions of cancellation
 l - 2 potions of mutation
 m - 2 potions of heal wounds
 n - a potion of magic {unknown}

Dungeon Overview and Level Annotations

Branches:
Dungeon (9/15)             Temple (0/1) D:7
   Lair: D:8-11         Orc: D:9-12

Altars:
Ashenzari
Elyvilon
Makhleb
Qazlal
Wu Jian
Zin

Shops:
D:9 *

Annotations:
D:9 Erica, Harold


Message History

You feel sick. Something hits you! Something burns you.
The troll closely misses you. The troll claws you but does no damage.
The troll barely misses you.
Your life force feels restored.
You closely miss the troll. Your headbutt misses the troll.
Your claw misses the troll.
The troll is lightly wounded.
You feel sick. The troll bites you. The troll claws you but does no damage.
The troll is burned by your cloak of flames.
The troll is moderately wounded.
The troll claws you but does no damage.
The troll is burned by your cloak of flames.
The troll is heavily wounded.
Something hits you! Something burns you.
6892 ||| Stepping ~*~*~tactically~*~*~ (outnumbered).
You feel sick. Something hits you. Harold closely misses you.
6893 ||| Stepping ~*~*~tactically~*~*~ (outnumbered).
The troll attacks as you move away! The troll bites you but does no damage.
The troll is burned by your cloak of flames.
The troll is heavily wounded.
The troll claws you but does no damage.
The troll is burned by your cloak of flames.
The troll is heavily wounded.
The troll claws you but does no damage.
The troll is burned by your cloak of flames.
The troll is severely wounded.
Something hits you! Something burns you. The yak attacks as you move away!
The yak gores you but does no damage.
The yak is burned by your cloak of flames.
The yak is lightly wounded.
You feel sick. Harold hits you but does no damage.
6894 ||| READING 3 scrolls of teleportation.
As you read the scroll of teleportation, it crumbles to dust.
You feel strangely unstable.
You feel sick. The orc barely misses you. The troll completely misses you. x2
The troll claws you.
The troll is burned by your cloak of flames.
The troll is severely wounded.
Something hits you. Something burns you. Harold hits you with a +0 glaive.
You die...

P....P....#
.........PP.....PP:....#
.........P... .P...P....
........P...# #...PP.##
.........P.P# #..P...#
........P...# #P.....#
.........P..#+##...P..#
........Y.P.......P...#
.......@@...........#.#
......To....P.......#.#
........%%.P.P.....##.#
.......o%##......####.#
.........####..### #.#
.........# #..# #.#
.........# #..# #.#
.........# #..# #.#
........# #..# #.#


You could see Harold, a yak, a troll, an orc wizard and an orc.

Vanquished Creatures
  Joseph (D:7)
  Prince Ribbit (D:7)
  A hornet (D:7)
  Sigmund (D:2)
  A wyvern (D:8)
  10 yaks
  2 steam dragons (D:9)
  2 water moccasins
  An ice beast (D:6)
  2 sky beasts
  2 black bears
  2 ogres
  2 bullfrogs (D:9)
  A kobold brigand (D:8)
  2 scorpions (D:5)
  3 gnoll sergeants
  9 wights (D:9)
  5 killer bees (D:9)
  A howler monkey (D:6)
  3 hounds
  5 orc priests
  A jelly (D:7)
  A gnoll bouda (D:7)
  3 iguanas
  Terence (D:2)
  6 orc wizards
  19 gnolls
  2 adders (D:2)
  2 white imps (D:6)
  An ufetubus (D:5)
  2 worms
  5 dart slugs
  21 orcs
  6 ball pythons
  6 bats
  4 endoplasms
  4 giant cockroaches (D:1)
  11 goblins
  5 hobgoblins
  3 quokkas
  4 frilled lizards
  13 kobolds
  6 rats
  A butterfly (D:7)
184 creatures vanquished.

Vanquished Creatures (others)
  4 fungi (D:9)
  7 plants (D:9)
11 creatures vanquished.

Grand Total: 195 creatures vanquished

Notes
Turn   | Place    | Note
-------+----------+-------------------------------------------
     0 | D:1      | qw the Troll Cinder Acolyte began the quest for the Orb.
     0 | D:1      | Reached XP level 1. HP: 22/22 MP: 1/1
     0 | D:1      | 0 ||| qw: Version: 0.1-a-100-g36b9a1f
     0 | D:1      | 0 ||| qw: Game counter: 5020
     0 | D:1      | 0 ||| qw: Always use a shield: true
     0 | D:1      | 0 ||| qw: God list: Okawaru
     0 | D:1      | 0 ||| qw: Allow faded altars: false
     0 | D:1      | 0 ||| qw: Do Orc after D:15 true
     0 | D:1      | 0 ||| qw: Do second Lair branch before Depths: true
     0 | D:1      | 0 ||| qw: Lair rune preference: random
     0 | D:1      | 0 ||| qw: Plans: Normal
     0 | D:1      | 0 ||| PLANNING D:1-11
    38 | D:1      | 38 ||| Stepping ~*~*~tactically~*~*~ (stealth).
   146 | D:1      | Reached XP level 2. HP: 29/29 MP: 2/2
   400 | D:1      | 400 ||| Stepping ~*~*~tactically~*~*~ (stealth).
   404 | D:1      | 404 ||| Stepping ~*~*~tactically~*~*~ (stealth).
   410 | D:1      | Reached skill level 4 in Unarmed Combat
   451 | D:1      | 451 ||| Stepping ~*~*~tactically~*~*~ (stealth).
   593 | D:1      | 593 ||| Stepping ~*~*~tactically~*~*~ (stealth).
   601 | D:1      | Reached XP level 3. HP: 36/36 MP: 3/3
   871 | D:1      | 871 ||| READING 3 scrolls labelled YMYSOI NEWEJ.
   874 | D:1      | 874 ||| READING scroll labelled VEPAUNUBAA.
   975 | D:1      | 975 ||| READING scroll labelled CIDDIU XIMOK.
  1023 | D:2      | 1023 ||| Stepping ~*~*~tactically~*~*~ (hiding).
  1088 | D:2      | Found a faded altar of an unknown god.
  1115 | D:2      | Identified the +1 ring mail of Foolhardiness {Int+5 Stlth-}
  1218 | D:2      | Noticed Terence
  1230 | D:2      | Killed Terence
  1231 | D:2      | Reached skill level 5 in Unarmed Combat
  1231 | D:2      | Reached XP level 4. HP: 27/44 MP: 4/4
  1336 | D:2      | Noticed Sigmund
  1350 | D:2      | 1350 ||| INVOKING Fiery Armour.
  1351 | D:2      | Killed Sigmund
  1352 | D:2      | Reached skill level 6 in Unarmed Combat
  1352 | D:2      | Reached XP level 5. HP: 22/50 MP: 5/5
  1607 | D:2      | 1607 ||| Stepping ~*~*~tactically~*~*~ (hiding).
  1609 | D:2      | 1609 ||| INVOKING Fiery Armour.
  1612 | D:2      | Reached XP level 6. HP: 51/59 MP: 6/6
  1614 | D:2      | 1614 ||| FLEEEEING.
  1615 | D:2      | 1615 ||| FLEEEEING.
  1925 | D:2      | 1925 ||| UPGRADING to +6 ring of strength.
  1926 | D:2      | 1926 ||| READING scroll labelled BEYDWYTYINI.
  1927 | D:2      | 1927 ||| READING scroll labelled YTHOIB WOHUAFF.
  1928 | D:2      | 1928 ||| DRINKING 3 grey potions.
  1929 | D:2      | 1929 ||| DROPPING 2 potions of brilliance.
  1999 | D:3      | Reached skill level 7 in Unarmed Combat
  2386 | D:3      | 2386 ||| READING scroll labelled OCANNU EHEFF.
  2387 | D:3      | 2387 ||| READING scroll labelled YWOSICOMUC.
  2407 | D:4      | 2407 ||| INVOKING Fiery Armour.
  2952 | D:4      | 2952 ||| INVOKING Fiery Armour.
  2954 | D:4      | HP: 11/59 [gnoll sergeant/+0 trident of freezing (4)]
  2955 | D:4      | 2955 ||| READING 4 scrolls of teleportation.
  3228 | D:4      | 3228 ||| DRINKING 2 sedimented golden potions.
  3329 | D:4      | 3329 ||| DRINKING 2 metallic black potions.
  3329 | D:4      | Gained mutation: Your muscles are strong. (Str +4, Int/Dex
                  | -1) [potion of mutation]
  3329 | D:4      | Gained mutation: You are partially covered in iridescent
                  | scales. (AC +2) [potion of mutation]
  3329 | D:4      | Gained mutation: You have a pair of small horns on your
                  | head. [potion of mutation]
  3330 | D:4      | 3330 ||| READING 4 scrolls of identify.
  3330 | D:4      | 3330 ||| IDENTIFYING yellow potion
  3331 | D:4      | 3331 ||| DRINKING potion of experience.
  3331 | D:4      | Reached skill level 14 in Unarmed Combat
  3331 | D:4      | Reached XP level 7. HP: 66/66 MP: 7/7
  3332 | D:4      | 3332 ||| READING 3 scrolls of identify.
  3332 | D:4      | 3332 ||| IDENTIFYING fuming coppery potion
  3333 | D:4      | 3333 ||| READING 2 scrolls of identify.
  3333 | D:4      | 3333 ||| IDENTIFYING lumpy inky potion
  3334 | D:4      | 3334 ||| DROPPING potion of berserk rage.
  3335 | D:4      | 3335 ||| DROPPING potion of ambrosia.
  3359 | D:5      | Entered Level 5 of the Dungeon
  3397 | D:5      | Reached XP level 8. HP: 73/74 MP: 8/8
  3651 | D:5      | Reached skill level 3 in Fighting
  3651 | D:5      | 3651 ||| FLEEEEING.
  3652 | D:5      | 3652 ||| FLEEEEING.
  3653 | D:5      | 3653 ||| FLEEEEING.
  3934 | D:5      | 3934 ||| Stepping ~*~*~tactically~*~*~ (stealth).
  3936 | D:5      | 3936 ||| Stepping ~*~*~tactically~*~*~ (hiding).
  3959 | D:5      | 3959 ||| READING scroll labelled DILINU IWOOGYGG.
  3960 | D:5      | 3960 ||| DRINKING 2 glowing puce potions.
  3961 | D:5      | 3961 ||| DRINKING 4 blue potions.
  3962 | D:5      | 3962 ||| READING 2 scrolls of identify.
  3962 | D:5      | 3962 ||| IDENTIFYING murky white potion
  4031 | D:6      | Reached skill level 1 in Dodging
  4176 | D:6      | 4176 ||| Stepping ~*~*~tactically~*~*~ (hiding).
  4178 | D:6      | 4178 ||| Stepping ~*~*~tactically~*~*~ (hiding).
  4342 | D:6      | Reached XP level 9. HP: 76/85 MP: 9/9
  4434 | D:6      | 4434 ||| Stepping ~*~*~tactically~*~*~ (hiding).
  4435 | D:6      | 4435 ||| Stepping ~*~*~tactically~*~*~ (hiding).
  4817 | D:6      | 4817 ||| INVOKING Fiery Armour.
  4909 | D:6      | 4909 ||| READING 2 scrolls labelled CUDI FATRAVE.
  4910 | D:6      | 4910 ||| READING scroll labelled ZAJEFELOIFF.
  4911 | D:6      | 4911 ||| DROPPING scroll of noise.
  5025 | D:7      | Noticed Joseph
  5026 | D:7      | 5026 ||| Stepping ~*~*~tactically~*~*~ (hiding).
  5031 | D:7      | 5031 ||| Stepping ~*~*~tactically~*~*~ (hiding).
  5032 | D:7      | 5032 ||| Stepping ~*~*~tactically~*~*~ (hiding).
  5044 | D:7      | 5044 ||| INVOKING Fiery Armour.
  5045 | D:7      | Killed Joseph
  5119 | D:7      | Identified the +7 long sword "Asep" {drain, rF- rC+++ Str-5
                  | Dex+2}
  5122 | D:7      | 5122 ||| Stepping ~*~*~tactically~*~*~ (stealth).
  5124 | D:7      | 5124 ||| Stepping ~*~*~tactically~*~*~ (stealth).
  5145 | D:7      | 5145 ||| Stepping ~*~*~tactically~*~*~ (stealth).
  5273 | D:7      | Found a staircase to the Ecumenical Temple.
  5374 | D:7      | 5374 ||| Stepping ~*~*~tactically~*~*~ (hiding).
  5383 | D:7      | 5383 ||| Stepping ~*~*~tactically~*~*~ (outnumbered).
  5385 | D:7      | 5385 ||| Stepping ~*~*~tactically~*~*~ (outnumbered).
  5424 | D:7      | 5424 ||| Stepping ~*~*~tactically~*~*~ (hiding).
  5426 | D:7      | 5426 ||| INVOKING Fiery Armour.
  5428 | D:7      | Reached skill level 6 in Fighting
  5452 | D:7      | Noticed Prince Ribbit
  5461 | D:7      | Killed Prince Ribbit
  5535 | D:7      | 5535 ||| Stepping ~*~*~tactically~*~*~ (stealth).
  5541 | D:7      | 5541 ||| Stepping ~*~*~tactically~*~*~ (stealth).
  5542 | D:7      | 5542 ||| Stepping ~*~*~tactically~*~*~ (stealth).
  5551 | D:7      | 5551 ||| Stepping ~*~*~tactically~*~*~ (outnumbered).
  5554 | D:7      | 5554 ||| INVOKING Fiery Armour.
  5657 | D:7      | Found a glowing silver altar of Zin.
  5660 | D:7      | Found a stormy altar of Qazlal.
  5660 | D:7      | Found a white marble altar of Elyvilon.
  5673 | D:7      | Found an ornate altar of the Wu Jian Council.
  5676 | D:7      | Found a burning altar of Makhleb.
  5785 | D:7      | 5785 ||| UPGRADING to +1 robe of fire resistance.
  5795 | D:7      | 5795 ||| DROPPING +0 robe.
  5796 | D:7      | 5796 ||| READING scroll labelled RUDGHIDWUFOC.
  5797 | D:7      | 5797 ||| READING scroll labelled UHAH HUIJURGHIK.
  5868 | D:8      | 5868 ||| Stepping ~*~*~tactically~*~*~ (outnumbered).
  5869 | D:8      | 5869 ||| Stepping ~*~*~tactically~*~*~ (outnumbered).
  5870 | D:8      | 5870 ||| Stepping ~*~*~tactically~*~*~ (outnumbered).
  5871 | D:8      | 5871 ||| Stepping ~*~*~tactically~*~*~ (outnumbered).
  5878 | D:8      | Reached skill level 15 in Unarmed Combat
  5878 | D:8      | Reached XP level 10. HP: 98/98 MP: 10/10
  5947 | D:8      | 5947 ||| Stepping ~*~*~tactically~*~*~ (hiding).
  5948 | D:8      | 5948 ||| Stepping ~*~*~tactically~*~*~ (hiding).
  5955 | D:8      | 5955 ||| Stepping ~*~*~tactically~*~*~ (outnumbered).
  5960 | D:8      | 5960 ||| Stepping ~*~*~tactically~*~*~ (outnumbered).
  5965 | D:8      | 5965 ||| Stepping ~*~*~tactically~*~*~ (outnumbered).
  5966 | D:8      | 5966 ||| Stepping ~*~*~tactically~*~*~ (outnumbered).
  5967 | D:8      | 5967 ||| Stepping ~*~*~tactically~*~*~ (outnumbered).
  5994 | D:8      | 5994 ||| FLEEEEING.
  5995 | D:8      | 5995 ||| FLEEEEING.
  5996 | D:8      | 5996 ||| FLEEEEING.
  5997 | D:8      | 5997 ||| FLEEEEING.
  5998 | D:8      | 5998 ||| FLEEEEING.
  5999 | D:8      | 5999 ||| FLEEEEING.
  6042 | D:8      | 6042 ||| Stepping ~*~*~tactically~*~*~ (outnumbered).
  6090 | D:8      | 6090 ||| Stepping ~*~*~tactically~*~*~ (outnumbered).
  6091 | D:8      | 6091 ||| Stepping ~*~*~tactically~*~*~ (outnumbered).
  6092 | D:8      | 6092 ||| Stepping ~*~*~tactically~*~*~ (outnumbered).
  6093 | D:8      | 6093 ||| Stepping ~*~*~tactically~*~*~ (outnumbered).
  6094 | D:8      | 6094 ||| Stepping ~*~*~tactically~*~*~ (outnumbered).
  6095 | D:8      | 6095 ||| Stepping ~*~*~tactically~*~*~ (outnumbered).
  6096 | D:8      | 6096 ||| Stepping ~*~*~tactically~*~*~ (outnumbered).
  6097 | D:8      | 6097 ||| Stepping ~*~*~tactically~*~*~ (outnumbered).
  6098 | D:8      | 6098 ||| Stepping ~*~*~tactically~*~*~ (outnumbered).
  6099 | D:8      | 6099 ||| Stepping ~*~*~tactically~*~*~ (outnumbered).
  6100 | D:8      | 6100 ||| Stepping ~*~*~tactically~*~*~ (outnumbered).
  6101 | D:8      | 6101 ||| Stepping ~*~*~tactically~*~*~ (outnumbered).
  6102 | D:8      | 6102 ||| Stepping ~*~*~tactically~*~*~ (outnumbered).
  6133 | D:8      | 6133 ||| Stepping ~*~*~tactically~*~*~ (stealth).
  6156 | D:8      | 6156 ||| Stepping ~*~*~tactically~*~*~ (stealth).
  6275 | D:8      | 6275 ||| Stepping ~*~*~tactically~*~*~ (stealth).
  6276 | D:8      | 6276 ||| Stepping ~*~*~tactically~*~*~ (stealth).
  6278 | D:8      | 6278 ||| Stepping ~*~*~tactically~*~*~ (hiding).
  6518 | D:8      | Found a broken altar of Ashenzari.
  6588 | D:9      | Found Byskappe's General Store.
  6597 | D:9      | 6597 ||| BUYING scroll of identify (28 gold).
  6597 | D:9      | Bought a scroll of identify for 28 gold pieces
  6597 | D:9      | 6597 ||| BUYING scroll of identify (28 gold).
  6597 | D:9      | Bought a scroll of identify for 28 gold pieces
  6613 | D:9      | 6613 ||| Stepping ~*~*~tactically~*~*~ (outnumbered).
  6618 | D:9      | 6618 ||| INVOKING Fiery Armour.
  6622 | D:9      | 6622 ||| FLEEEEING.
  6623 | D:9      | 6623 ||| FLEEEEING.
  6628 | D:9      | 6628 ||| FLEEEEING.
  6629 | D:9      | 6629 ||| FLEEEEING.
  6630 | D:9      | 6630 ||| FLEEEEING.
  6631 | D:9      | 6631 ||| FLEEEEING.
  6632 | D:9      | 6632 ||| FLEEEEING.
  6633 | D:9      | 6633 ||| FLEEEEING.
  6634 | D:9      | 6634 ||| FLEEEEING.
  6636 | D:9      | 6636 ||| FLEEEEING.
  6637 | D:9      | 6637 ||| FLEEEEING.
  6638 | D:9      | 6638 ||| STAIRDANCE
  6679 | D:8      | 6679 ||| READING 3 scrolls of identify.
  6679 | D:8      | 6679 ||| IDENTIFYING silvery potion
  6680 | D:8      | 6680 ||| READING 2 scrolls of identify.
  6680 | D:8      | 6680 ||| IDENTIFYING sapphire potion
  6681 | D:8      | 6681 ||| DROPPING potion of attraction.
  6713 | D:9      | 6713 ||| Stepping ~*~*~tactically~*~*~ (hiding).
  6770 | D:9      | 6770 ||| INVOKING Fiery Armour.
  6774 | D:9      | 6774 ||| Stepping ~*~*~tactically~*~*~ (outnumbered).
  6775 | D:9      | 6775 ||| Stepping ~*~*~tactically~*~*~ (outnumbered).
  6880 | D:9      | Noticed Erica
  6881 | D:9      | 6881 ||| INVOKING Fiery Armour.
  6885 | D:9      | Noticed Harold
  6888 | D:9      | Reached skill level 16 in Unarmed Combat
  6892 | D:9      | 6892 ||| Stepping ~*~*~tactically~*~*~ (outnumbered).
  6893 | D:9      | 6893 ||| Stepping ~*~*~tactically~*~*~ (outnumbered).
  6893 | D:9      | HP: 16/98 [something (12)]
  6894 | D:9      | 6894 ||| READING 3 scrolls of teleportation.
  6894 | D:9      | HP: 5/98 [something (6)]
  6894 | D:9      | Slain by Harold

Levels and vault maps discovered:
D:1:      grunt_arrival_lava_bath, layout_loops_corners, minmay_pentomino_x2
D:2:      layout_loops_corners, shapermc_ecumenical_altar_notcrosses,
          minmay_crystal_water, uniq_sigmund, uniq_terence
D:3:      layout_rooms
D:4:      layout_basic, nicolae_hexahallways, kennysheep_generic_room_15
D:5:      layout_basic, chequers_serial_rivers_room_a
D:6:      layout_basic, hex_large, minmay_misc_feat_plants, patterned_corridor
D:7:      layout_basic, minmay_overflow_temple_star_hex,
          minmay_temple_entry_butterflies, kennysheep_generic_room_10,
          uniq_joseph, uniq_prince_ribbit1
D:8:      layout_basic, lemuel_tele_altar
D:9:      layout_long_grid, grunt_lair_entry_orc_guard_hut, enter_bailey_3,
          serial_shops, shop, uniq_erica, uniq_harold

Skill      XL: |  1  2  3  4  5  6  7  8  9 10 |
---------------+-------------------------------+-----
Unarmed Combat | 4 5 6 14 15 16 | 16.0
Fighting       | 4 6 |  6.0
Dodging        | 1 |  1.1
Spellcasting   | |  1.0
Fire Magic     | |  2.1

Action                   |  1- 3 |  4- 6 |  7- 9 | 10-12 || total
-------------------------+-------+-------+-------+-------++-------
Melee: Unarmed           |    93 |   110 |   151 |    92 ||   446
       Punch             |     2 |     4 |     7 |     3 ||    16
       Headbutt          |       |       |    10 |     9 ||    19
Invok: Fiery Armour      |       |     4 |     4 |     3 ||    11
  Use: Scroll            |     3 |     6 |     8 |     3 ||    20
       Potion            |       |     4 |     2 |       ||     6
Armor: Robe              |    24 |    36 |    43 |    45 ||   148
Dodge: Dodged            |    25 |    47 |    41 |    40 ||   153

Table legend:
 A = Non-vault XP
 B = Vault XP
 C = Vault XP percentage of total XP
 D = Non-vault monster count
 E = Vault monster count
 F = Vault count percentage of total count
                 A         B        C        D         E       F
            +---------+---------+-------+---------+---------+-------
      Total |    6802 |    1267 |  15.7 |     172 |      11 |   6.0
            +---------+---------+-------+---------+---------+-------
        D:1 |      54 |       4 |   6.9 |      28 |       2 |   6.7
        D:2 |     109 |     259 |  70.4 |      19 |       2 |   9.5
        D:3 |      21 |       0 |   0.0 |      14 |       0 |   0.0
        D:4 |     147 |      86 |  36.9 |      12 |       2 |  14.3
        D:5 |     601 |       0 |   0.0 |      14 |       0 |   0.0
        D:6 |    1240 |       0 |   0.0 |      11 |       0 |   0.0
        D:7 |    1110 |     728 |  39.6 |      27 |       3 |  10.0
        D:8 |    2134 |       0 |   0.0 |      26 |       0 |   0.0
        D:9 |    1386 |     190 |  12.1 |      21 |       2 |   8.7
            +---------+---------+-------+---------+---------+-------
